Description

3 cc 2-1-1 Clem vrs Serral

Replay - Clem Serral G2

Build Order

Get SALT Encoding   

  12  0:00  SCV  
  13  0:12  SCV  
  14  0:17  Supply Depot  
  14  0:24  SCV  
  15  0:38  SCV  
  15  0:40  Barracks  
  15  0:42  Refinery  
  16  0:50  SCV  
  17  1:03  SCV  
  18  1:15  SCV  
  19  1:26  Reaper  
  19  1:27  Orbital Command  
  20  1:38  Command Center  
  20  1:45  Supply Depot  
  20  1:52  SCV  
  21  1:58  Marine  
  22  2:04  SCV  
  23  2:10  Factory  
  23  2:16  SCV  
  23  2:20  Barracks Reactor  
  25  2:39  Command Center  
  26  2:51  Orbital Command  
  26  2:54  Barracks  
  27  3:04  Barracks Tech Lab  
  29  3:05  Hellion  
  29  3:11  Hellion  
  33  3:21  Refinery  
  33  3:23  Marine  
  33  3:26  Stimpack  
  37  3:44  Marine  
  37  3:45  Starport  
  39  3:51  Marine x2  
  39  3:52  Orbital Command  
  42  3:57  Factory Reactor  
  43  4:04  Marine x3  
  43  4:05  Supply Depot  
  48  4:22  Marine x2  
  52  4:28  Supply Depot  
  56  4:32  Refinery  
  56  4:36  Medivac x2  
  56  4:38  Orbital Command  
  66  4:49  Factory Tech Lab  
  66  4:50  Supply Depot  
  66  4:52  Engineering Bay x2  
  66  4:53  Barracks  
  66  4:56  Refinery  
  73  5:16  Combat Shield  
  73  5:18  Terran Infantry Weapons Level 1  
  76  5:26  Starport Reactor  
  79  5:32  Terran Infantry Armor Level 1  
  80  5:36  Barracks x2  
  84  5:46  Siege Tank  
  85  6:05  Medivac x2  
  92  6:16  Armory  
  93  6:18  Factory  
  93  6:19  Refinery  
  98  6:26  Siege Tank  
  98  6:28  Barracks Reactor x2  
  110  6:57  Medivac x2  
  118  7:10  Factory Reactor  
  118  7:11  Command Center  
  124  7:20  Terran Infantry Weapons Level 2  
  124  7:22  Drilling Claws  
  127  7:23  Widow Mine  
  127  7:45  Medivac  
  127  7:50  Widow Mine x2  
  115  7:53  Hellion  
  115  7:57  Terran Infantry Armor Level 2  
  115  7:58  Liberator  
  128  8:11  Widow Mine x3  
  133  8:14  Marauder  
  133  8:15  Medivac  
  146  8:20  Refinery  
  150  8:28  Barracks x3  
  150  8:37  Widow Mine  
  150  8:40  Liberator  
  148  8:42  Widow Mine  
  148  8:48  Widow Mine  
  151  8:50  Marauder  
  154  8:58  Widow Mine  
  154  9:00  Terran Vehicle And Ship Armor Level 1  
  164  9:11  Liberator  
  164  9:12  Marauder  
  169  9:18  Marauder  
  169  9:23  Liberator  
  179  9:28  Barracks Tech Lab x3  
  178  9:31  Planetary Fortress  
  178  9:33  Marauder  
  184  9:54  Medivac  
  184  9:56  Sensor Tower  
Spawning Tool Build Advisor. Get it on Overwolf

Analysis

3 cc 2-1-1 Clem vrs Serral

Go to:

Details

  • Created by: razoraptor117
  • Published on: Feb 03, 2026
  • Modified on: Feb 03, 2026
  • Patch: 5.0.11
  • Difficulty: Hard
Show
View Real Time Build Order
Export as new Build Order

Comments (0)

There are no comments. Be the first!

Create an account to comment!